 Dungeon Crawl Stone Soup version 0.17-a0-2073-gde5cdba (webtiles) character file.

168 radek the Conjurer (level 5, -8/28 HPs)
             Began as a Deep Elf Conjurer on Oct 14, 2015.
             Mangled by Ijyb
             ... wielding a +2 dagger of electrocution
              (9 damage)
             ... on level 2 of the Dungeon.
             The game lasted 00:15:46 (2754 turns).

radek the Conjurer (Deep Elf Conjurer)              Turns: 2754, Time: 00:15:46

Health: -8/28      AC:  2    Str:  5    XL:     5   Next: 23%
Magic:  6/11       EV: 13    Int: 21    God:
Gold:   143        SH:  0    Dex: 15    Spells: 2 memorised, 4 levels left

rFire  . . .     SeeInvis .     s - +1 dagger (speed)
rCold  . . .     Clarity  .     a - +0 robe
rNeg   . . .     SustAt   .     (no shield)
rPois  .         Gourm    .     (no helmet)
rElec  .         Spirit   .     (no cloak)
rCorr  .         Warding  .     (no gloves)
rMut   .         Stasis   .     (no boots)
MR     .....                    (no amulet)
Stlth  ++........               (no ring)
                                (no ring)

@: not resistant to hostile enchantments, unstealthy
A: no striking features
a: no special abilities


You were on level 2 of the Dungeon.
You were not hungry.

You visited 1 branch of the dungeon, and saw 3 of its levels.

You collected 143 gold pieces.

Inventory:

Hand Weapons
 s - a +1 dagger of speed (weapon)
Armour
 a - a +0 robe (worn)
Scrolls
 e - a scroll of fear {unknown}
 h - 2 scrolls of teleportation
 i - 3 scrolls of identify {unknown}
 l - a scroll of random uselessness {unknown}
 n - 2 scrolls of recharging {unknown}
 p - a scroll of amnesia {unknown}
Potions
 d - a potion of might {unknown}
 j - a potion of degeneration {unknown}
 k - 2 potions of agility {unknown}
 m - a potion of magic {unknown}
 o - a potion of heal wounds {unknown}
 r - 3 potions of berserk rage {unknown}
Books
 b - a book of Conjurations

   Spells                             Type                      Level
   a - Magic Dart                     Conjuration                  1
   b - Searing Ray                    Conjuration                  2
   c - Dazzling Spray                 Conjuration/Hexes            3
   d - Fulminant Prism                Conjuration/Hexes            4
   e - Iskenderun's Mystic Blast      Conjuration                  4
   f - Iskenderun's Battlesphere      Conjuration/Charms           5
Comestibles
 c - 2 bread rations
 f - 5 fruits
 g - 3 meat rations


   Skills:
 - Level 2.4 Dodging
 - Level 2.4 Stealth
 - Level 3.0 Spellcasting
 - Level 7.0 Conjurations
 * Level 1.9 Charms


You had 4 spell levels left.
You knew the following spells:

 Your Spells              Type           Power        Failure   Level  Hunger
a - Magic Dart            Conj           ####         1%          1    None
b - Iskenderun's Battles  Conj/Chrm      ###.....     67%         5    ######.


Dungeon Overview and Level Annotations

Branches:
Dungeon (3/15)

Altars:
Gozag

Annotations:
D:2 Ijyb


Message History

Ijyb hits you with a dagger of electrocution.
You are electrocuted!
Ijyb hits you with a dagger of electrocution.
You are electrocuted!
* * * LOW HITPOINT WARNING * * *
Ijyb misses you. Ijyb barely misses you. Ijyb closely misses you.
There is a large open door here.
Ijyb hits you but does no damage. Ijyb screams, "Me stronger than you!"
Ijyb misses you. Ijyb hits you but does no damage. Ijyb barely misses you.
Ijyb closely misses you.
Ijyb is no longer moving quickly.
Ijyb hits you with a dagger of electrocution.
* * * LOW HITPOINT WARNING * * *
You are electrocuted!
You die...

##.##.# ##≈≈≈..≈≈≈## ......#
##≈≈≈≈..≈≈≈≈## ..#####
##≈≈≈≈≈..≈≈≈≈≈## ..#
##≈≈≈≈≈≈..≈≈≈≈≈≈## _.#
########≈≈≈≈≈≈≈..≈≈≈≈≈≈≈## ..#
#.....#≈≈≈≈≈≈≈≈..≈≈≈≈≈≈≈≈#
.[######.###.#≈≈≈≈≈≈≈≈..≈≈≈≈≈≈≈≈#
..#......# #>#≈≈≈≈≈≈≈..(.≈≈≈≈≈≈≈#
..#.####.###.'..@g....♣♣......(.'
.##.# #.....'........♣♣........'
.##.# ##..###≈≈≈≈≈≈≈...)≈≈≈≈≈≈≈#
.##.# #..# #≈≈≈≈≈≈≈≈..≈≈≈≈≈≈≈≈#
>##.# #..# #≈≈≈≈≈≈≈≈..≈≈≈≈≈≈≈≈#
†##.#####.)# ##≈≈≈≈≈≈≈.)≈≈≈≈≈≈≈##
...........# ##≈≈≈≈≈≈..≈≈≈≈≈≈##.
##########.######≈≈≈≈≈..≈≈≈≈≈##..
#..<...##≈≈≈≈..≈≈≈≈####.


You could see Ijyb.

Vanquished Creatures
  Terence (D:2)
  Robin (D:2)
  4 gnolls
  2 adders (D:3)
  An ooze (D:3)
  2 worms (D:3)
  3 giant geckos
  4 orcs (D:3)
  3 giant cockroaches
  14 goblins
  6 hobgoblins
  4 kobolds
  4 bats
  3 giant newts (D:1)
  4 jackals
  A quokka (D:2)
  7 rats
64 creatures vanquished.

Notes
Turn   | Place    | Note
--------------------------------------------------------------
     0 | D:1      | radek the Deep Elf Conjurer began the quest for the Orb.
     0 | D:1      | Reached XP level 1. HP: 10/10 MP: 6/6
   332 | D:1      | Reached XP level 2. HP: 15/15 MP: 5/8
   388 | D:1      | Reached skill level 5 in Conjurations
   916 | D:2      | Found an opulent altar of Gozag.
  1179 | D:2      | Noticed Robin
  1263 | D:2      | Reached XP level 3. HP: 17/19 MP: 6/9
  1315 | D:2      | Killed Robin
  1451 | D:2      | Noticed Terence
  1604 | D:3      | Reached skill level 6 in Conjurations
  1740 | D:3      | Reached XP level 4. HP: 24/24 MP: 6/10
  2182 | D:3      | Noticed an orc warrior
  2382 | D:2      | Reached skill level 7 in Conjurations
  2382 | D:2      | Reached XP level 5. HP: 28/28 MP: 4/11
  2389 | D:2      | Learned a level 5 spell: Iskenderun's Battlesphere
  2567 | D:2      | Killed Terence
  2567 | D:2      | Reached skill level 1 in Charms
  2717 | D:2      | Noticed Ijyb
  2735 | D:2      | HP: 1/28 [Ijyb/dagger of electrocution (10)]
  2754 | D:2      | HP: 1/28 [Ijyb/dagger of electrocution (1)]
  2754 | D:2      | Mangled by Ijyb

Vault maps used:
D:1:      sevenhm_arrival_forest_fort_small_4, kennysheep_minor_cross,
          minmay_door_square
D:2:      kennysheep_big_flooded_room, nicolae_gozag_seed_capital,
          minmay_surrounded, uniq_robin, uniq_iyjb, uniq_terence
D:3:      lemuel_coloured_pillars_altar, uniq_crazy_yiuf_cottage, uniq_natasha

Action                   |  1- 3 |  4- 6 || total
-------------------------+-------+-------++-------
 Cast: Magic Dart        |    84 |    71 ||   155
  Use: Scroll            |     2 |       ||     2
  Eat: Beef jerky        |     1 |       ||     1
       Chunk             |     1 |       ||     1
       Bread ration      |       |     1 ||     1
